 Dungeon Crawl Stone Soup version 0.17.1-2-g5865329 (webtiles) character file.

375 HerzogEisenfaust the Ducker (level 6, -9/61 HPs)
             Began as a Troll Fighter on Jan 11, 2016.
             Was a Follower of Trog.
             Mangled by SirMumm's ghost (15 damage)
             ... on level 5 of the Dungeon.
             The game lasted 00:17:57 (2878 turns).

HerzogEisenfaust the Ducker (Troll Fighter)         Turns: 2878, Time: 00:17:57

Health: -9/61      AC:  5    Str: 27    XL:     6   Next: 44%
Magic:  5/5        EV:  9    Int:  4    God:    Trog [*.....]
Gold:   139        SH:  9    Dex:  9    Spells: 0 memorised, 5 levels left

rFire  . . .     SeeInvis .     B - +2 whip (distort)
rCold  . . .     Clarity  .     b - +0 robe
rNeg   . . .     SustAt   .     c - +0 shield
rPois  .         Gourm    +     (helmet restricted)
rElec  .         Spirit   .     (no cloak)
rCorr  .         Warding  .     (gloves unavailable)
rMut   .         Rnd*Tele +     (boots unavailable)
MR     .....                    (no amulet)
Stlth  +.........               (no ring)
                                v - ring of teleportation (curse)

@: not resistant to hostile enchantments, very unstealthy
A: unfitting armour, claws 3, fast metabolism 3, gourmand, regeneration 2,
shaggy fur 1, tough skin 2
a: Berserk, Burn Spellbooks, Renounce Religion, Evoke Teleportation


You were on level 5 of the Dungeon.
You worshipped Trog.
Trog was aware of your devotion.
You were not hungry.

You visited 1 branch of the dungeon, and saw 5 of its levels.

You collected 139 gold pieces.

Inventory:

Hand Weapons
 a - a +0 flail
 k - a +0 spear
 p - a +0 blowgun
 w - a +0 long sword
 B - a +2 whip of distortion (weapon)
Missiles
 f - 30 poisoned needles
 l - 18 silver bolts
 t - 17 arrows
Armour
 b - a +0 robe (worn)
 c - a +0 shield (worn)
 h - a +0 scale mail
 n - a +0 ring mail
 r - a +0 plate armour
Jewellery
 v - a cursed ring of teleportation (left claw)
Wands
 A - a wand of magic darts (25)
 E - a wand of slowing (18)
Scrolls
 g - a scroll of immolation {unknown}
 i - a scroll of random uselessness {unknown}
 j - a scroll of identify {unknown}
 s - a scroll of magic mapping {unknown}
 y - a scroll of amnesia {unknown}
 z - a scroll of remove curse {unknown}
Potions
 d - a potion of might
 e - a potion of poison {unknown}
 m - a potion of cancellation {unknown}
 o - 2 potions of haste {unknown}
 q - a potion of heal wounds {unknown}
 C - a potion of invisibility {unknown}
Comestibles
 x - 2 meat rations
 D - a slice of pizza


   Skills:
 + Level 3.4 Fighting
 + Level 2.9 Maces & Flails
 + Level 4.4 Dodging
 + Level 3.3 Shields


You had 5 spell levels left.
You didn't know any spells.

Dungeon Overview and Level Annotations

Branches:
Dungeon (5/15)
 Temple: D:4-7

Altars:
Makhleb
Ru
Trog
Zin

Annotations:
D:5 SirMumm's ghost, amateur DEWz


Innate Abilities, Weirdness & Mutations

You are too large for most types of armour.
You have claws for hands.
Your metabolism is lightning-fast.
You like to eat raw meat.
You heal very quickly.
You are covered in fur (AC +1).
You have very tough skin (AC +2).


Message History

You are more confused.
SirMumm's ghost hits you.
The gnoll shaman is engulfed in noxious fumes.
The gnoll shaman appears confused.
You bump into the metal wall.
You are engulfed in noxious fumes.
SirMumm's ghost hits you!
SirMumm's ghost says, "I have spells for any situation."
SirMumm's ghost hits you!
* * * LOW HITPOINT WARNING * * *
x2 Unknown command.
You feel less confused.
SirMumm's ghost hits you but does no damage.
The gnoll shaman hits the gnoll with a whip.
You hit the gnoll shaman.
Space bends around the gnoll shaman.
The gnoll shaman is heavily wounded.
You block the gnoll's attack. SirMumm's ghost hits you!
* * * LOW HITPOINT WARNING * * *
x2 The gnoll barely misses you. x2
SirMumm's ghost hits you!
You die...

####+##+#
#.......#
#.....W.#
#....@gg#
#....g..#
#.....).#
#....##.#
#.... #.#
#.... .).
#.... ....
#..........
############


You could see a gnoll shaman (confused), SirMumm's ghost and 2 gnolls.

Vanquished Creatures
  A scorpion (D:4)
  2 orc wizards (D:4)
  4 worker ants (D:4)
  7 adders
  3 gnolls (D:4)
  An ooze (D:4)
  An adder skeleton (D:4)
  3 giant geckos
  7 orcs (D:4)
  A ball python (D:4)
  7 bats
  A giant cockroach (D:2)
  3 hobgoblins
  8 kobolds
  2 giant newts
  2 goblins (D:3)
  9 jackals
  2 quokkas
  3 rats
67 creatures vanquished.

Vanquished Creatures (others)
  A gnoll (D:5)
1 creature vanquished.

Grand Total: 68 creatures vanquished

Notes
Turn   | Place    | Note
--------------------------------------------------------------
     0 | D:1      | HerzogEisenfaust the Troll Fighter began the quest for the Orb.
     0 | D:1      | Reached XP level 1. HP: 22/22 MP: 0/0
   301 | D:1      | Reached XP level 2. HP: 13/29 MP: 1/1
   966 | D:1      | Reached XP level 3. HP: 31/36 MP: 2/2
  1357 | D:3      | Reached skill level 3 in Shields
  1724 | D:3      | Reached XP level 4. HP: 40/44 MP: 3/3
  1763 | D:3      | Found a sacrificial altar of Ru.
  1781 | D:3      | Became a worshipper of Ru the Awakened
  1967 | D:3      | Found a bloodstained altar of Trog.
  1972 | D:3      | Fell from the grace of Ru
  1972 | D:3      | Became a worshipper of Trog the Wrathful
  2184 | D:4      | Reached XP level 5. HP: 38/53 MP: 4/4
  2260 | D:4      | Reached skill level 4 in Dodging
  2312 | D:4      | Reached XP level 6. HP: 49/61 MP: 5/5
  2478 | D:4      | Found a glowing silver altar of Zin.
  2478 | D:4      | Found a burning altar of Makhleb.
  2479 | D:4      | Noticed an Executioner
  2479 | D:4      | Noticed an angel
  2578 | D:4      | Reached * piety under Trog
  2863 | D:5      | Entered Level 5 of the Dungeon
  2863 | D:5      | Noticed SirMumm's ghost (amateur DEWz)
  2878 | D:5      | Mangled by SirMumm's ghost

Action                   |  1- 3 |  4- 6 || total
-------------------------+-------+-------++-------
Melee: Flail             |   120 |   105 ||   225
       Blowgun           |     1 |       ||     1
       Whip              |       |    28 ||    28
 Fire: Blowgun           |     6 |       ||     6
 Abil: Evoke Teleportati |       |     1 ||     1
  Eat: Chunk             |     4 |     6 ||    10
       Bread ration      |     2 |     1 ||     3
       Beef jerky        |       |     1 ||     1
